 Dungeon Crawl Stone Soup version 0.29-a0-495-g17b79114eb (webtiles) character file.

Game seed: 1294920046593128544

101159 Sobieck the Blocker (level 16, 0/78 HPs)
             Began as a Vine Stalker Fighter on May 27, 2022.
             Was the Champion of Hepliaklqana.
             Slain by a two-headed ogre simulacrum (5 damage)
             ... in an ice cave on May 28, 2022.
             The game lasted 01:05:26 (20394 turns).

Sobieck the Blocker (Vine Stalker Fighter)         Turns: 20394, Time: 01:05:26

Health: 0/78       AC: 25    Str: 23    XL:     16   Next: 29%
Magic:  0/29       EV: 12    Int:  8    God:    Hepliaklqana [******]
Gold:   1761       SH: 19    Dex: 24    Spells: 13/15 levels left

rFire   + + .      SeeInvis +   e - +10 dagger of the Tooth {drain, rF+ SInv, short}
rCold   + . .      Faith    .   H - +4 kite shield {AC+3}
rNeg    + + .      Spirit   +   E - +0 plate armour
rPois   +          Reflect  .   I - +2 hat of the Minstrel {*Slow rElec rN++ Stlth+}
rElec   +          Harm     .   Y - scarf {rC+ rF+}
rCorr   .          Rampage  .   u - +2 pair of gloves
Will    ++...                   b - +1 pair of boots {Stlth+}
Stlth   ++........              t - amulet of magic regeneration {@e2}
HPRegen 1.03/turn               F - +6 ring of dexterity
MPRegen 0.61/turn               w - ring of Cofar {Wiz rPois MP+9 Str+2 Dex-2}

@: no status effects
A: reduced essence, fangs 3, regeneration 1, magic shield, antimagic bite, no
potion heal 2
a: Renounce Religion, Recall Ancestor, Ancestor Identity, Transference, Idealise


You were in an ice cave.
You worshipped Hepliaklqana.
Hepliaklqana was exalted by your worship.
You visited 4 branches of the dungeon, and saw 23 of its levels.
You also visited: Sewer, Gauntlet and Ice Cave.

You collected 2140 gold pieces.
You spent 379 gold pieces at shops.


Innate Abilities, Weirdness & Mutations

Your life essence is reduced to manifest your ancestor. (-10% HP)
You have razor-sharp teeth.
Your natural rate of healing is unusually fast.
When hurt, damage is shared between your health and your magic reserves.
Your bite disrupts and absorbs the magic of your enemies.
Potions cannot restore your health.


   Skills:
 - Level 11.0 Fighting
 - Level 12.0 Short Blades
 - Level 10.0 Armour
 - Level 9.0 Dodging
 - Level 8.0 Stealth
 * Level 13.1 Shields
 + Level 3.5 Transmutations
 - Level 4.0 Invocations


You had 13 spell levels left.
You knew the following spells:

 Your Spells              Type           Power      Damage    Failure   Level
a - Wereblood             Tmut           5%         N/A       78%         2

Your spell library contained the following spells:

 Spells                   Type           Power      Damage    Failure   Level
 Passwall                 Tmut/Erth      1%         N/A       95%         2
 Apportation              Tloc           0%         N/A       98%         1
 Foxfire                  Conj/Fire      0%         2x1d4     98%         1
 Necrotize                Necr           0%         1d4       98%         1
 Sandblast                Erth           0%         2d4       98%         1
 Summon Small Mammal      Summ           0%         N/A       98%         1
 Blink                    Tloc           0%         N/A       99%         2
 Sublimation of Blood     Necr           0%         N/A       99%         2
 Confusing Touch          Hex            0%         N/A       100%        3
 Conjure Flame            Conj/Fire      0%         6-21      100%        3
 Inner Flame              Hex/Fire       0%         N/A       100%        3
 Lesser Beckoning         Tloc           0%         N/A       100%        3
 Ozocubu's Armour         Ice            0%         N/A       100%        3
 Stone Arrow              Conj/Erth      0%         3d7       100%        3
 Cause Fear               Hex            0%         N/A       100%        4
 Flame Wave               Conj/Fire      0%         2d4       100%        4
 Hailstorm                Conj/Ice       0%         3d3       100%        4
 Ice Form                 Ice/Tmut       2%         N/A       100%        4
 Petrify                  Tmut/Erth      2%         N/A       100%        4
 Fireball                 Conj/Fire      0%         3d3       100%        5
 Irradiate                Conj/Tmut      1%         3d13      100%        5
 Iskenderun's Battlesphe  Conj           0%         2d6       100%        5
 Manifold Assault         Tloc           0%         N/A       100%        5
 Metabolic Englaciation   Hex/Ice        0%         N/A       100%        5
 Summon Forest            Summ/Tloc      0%         N/A       100%        5
 Summon Mana Viper        Hex/Summ       0%         N/A       100%        5
 Yara's Violent Unravell  Hex/Tmut       1%         3d3       100%        5
 Conjure Ball Lightning   Conj/Air       0%         3x3d6     100%        6
 Simulacrum               Ice/Necr       0%         N/A       100%        6
 Summon Cactus Giant      Summ           0%         N/A       100%        6
 Enfeeble                 Hex            0%         N/A       100%        7
 Orb of Destruction       Conj           0%         9d5       100%        7
 Summon Hydra             Summ           0%         N/A       100%        7
 Discord                  Hex            0%         N/A       100%        8

Inventory:

Hand Weapons
 e - the +10 dagger of the Tooth (weapon) {drain, rF+ SInv, short}
   (You found it on level 2 of the Lair of Beasts)

   A truly terrible weapon, it drains the life of any living foe it strikes.
   rF:        It protects you from fire.
   SInv:      It lets you see invisible.
 U - a +2 short sword of electrocution {short}
   (You found it on level 12 of the Dungeon)
 V - a +2 dagger of speed {short}
   (You took it off an orc on level 5 of the Dungeon)
Missiles
 a - 4 javelins {throwing}
 y - 2 throwing nets (quivered) {=f!fthrowing}
 O - 4 curare-tipped darts {=fthrowing}
 W - 166 stones {throwing}
Armour
 b - a +1 pair of boots of stealth (worn)
   (You found it in a Gauntlet)
 u - a +2 pair of gloves (worn)
   (You found it on level 2 of the Dungeon)
 E - a +0 plate armour (worn)
   (You found it on level 2 of the Dungeon)
 H - a +4 kite shield of protection (worn)
   (You took it off a tengu warrior on level 12 of the Dungeon)
 I - the +2 hat of the Minstrel (worn) {*Slow rElec rN++ Stlth+}
   (You found it in a Gauntlet)

   rElec:     It insulates you from electricity.
   rN:        It greatly protects you from negative energy.
   *Slow:     It may slow you when you take damage.
   Stlth:     It makes you more stealthy.
 Y - a scarf of resistance (worn)
   (You found it on level 6 of the Lair of Beasts)
Jewellery
 n - a ring of see invisible
   (You found it on level 1 of the Dungeon)
 r - a ring of resist corrosion
   (You found it on level 2 of the Dungeon)
 t - an amulet of magic regeneration (around neck) {@e2}
   (You found it on level 6 of the Dungeon)
 w - the ring of Cofar (right hand) {Wiz rPois MP+9 Str+2 Dex-2}
   (You took it off a minotaur in a Gauntlet)

   [ring of wizardry]

   It improves your spell success rate.
   Str:       It affects your strength (+2).
   Dex:       It affects your dexterity (-2).
   rPois:     It protects you from poison.
   MP:        It affects your magic capacity (+9).
 F - a +6 ring of dexterity (left hand)
   (You found it on level 8 of the Dungeon)
 Q - a ring of positive energy
   (You found it on level 9 of the Dungeon)
 R - a +6 ring of strength
   (You found it on level 4 of the Dungeon)
 T - a ring of willpower
   (You found it on level 10 of the Dungeon)
Wands
 l - a wand of iceblast (12)
   (You found it on level 9 of the Dungeon)
 o - a wand of digging (13)
   (You found it on level 9 of the Dungeon)
 p - a wand of acid (10)
   (You found it on level 6 of the Dungeon)
 x - a wand of mindburst (5)
   (You found it on level 3 of the Lair of Beasts)
 M - a wand of flame (69)
   (You found it on level 3 of the Dungeon)
Scrolls
 h - 4 scrolls of vulnerability {!r!r}
 i - 2 scrolls of fear
 j - 9 scrolls of poison {!r}
 k - 3 scrolls of enchant weapon
 q - 2 scrolls of noise {!r}
 s - 3 scrolls of brand weapon
 v - 10 scrolls of teleportation {@r4}
 z - 2 scrolls of fog
 B - 6 scrolls of magic mapping {!r}
 G - 2 scrolls of blinking {!r}
 J - 3 scrolls of silence {!r}
 K - a scroll of summoning
 X - 4 scrolls of immolation {!r!r}
Potions
 c - a potion of cancellation
 d - 6 potions of might
 m - 6 potions of mutation {!q}
 A - 5 potions of haste {@q3}
 C - 9 potions of flight
 D - 6 potions of attraction {!q}
 L - a potion of brilliance
 N - 6 potions of curing {@q1}
 P - 6 potions of invisibility
 S - 6 potions of magic
 Z - 3 potions of berserk rage {!q}
Miscellaneous
 f - a phial of floods
   (You found it on level 6 of the Lair of Beasts)
 g - a phantom mirror
   (You found it on level 13 of the Dungeon)

Dungeon Overview and Level Annotations

Branches:
Dungeon (14/15)            Temple (1/1) D:4            Lair (6/6) D:11
 Shoals (0/4) Lair:2        Snake (0/4) Lair:3        Slime (0/5) Lair:6
    Orc (2/2) D:9             Elf (0/3) Orc:2         Sewer (visited)
  IceCv (1/1)             Gauntlet (visited)
 Vaults: D:13-14

Altars:
Ashenzari
Cheibriados
Dithmenos
Elyvilon
Fedhas
Gozag
Hepliaklqana
Kikubaaqudgha
Makhleb
Nemelex Xobeh
Okawaru
Qazlal
Ru
Sif Muna
Trog
Uskayaw
Vehumet
Wu Jian
Xom
Yredelemnul
Zin
The Shining One

Shops:
D:5 ?   D:9 *   D:11 [

Portals:
Abyss: D:5

Annotations:
D:3 3 runed translucent doors, Sobieck's ghost, amateur VSNe
D:4 2 transporters
D:5 2 transporters, rabbitsville's ghost, novice DDNe
D:11 3 runed translucent doors, tasumai's ghost, journeyman GrBe

#....
##....
#.....###
#.......#
.....$#
#...$#
##.2$#
#$$Z@#
#$ZZ|#
##[)!#
#####[))#
##§#§##/##
#.§§°..##
##☼§§.§##
#.....§§#
####§....##


You could see a reaper, a spriggan simulacrum (confused), a two-headed ogre
simulacrum and an entropy weaver simulacrum.


Message History

Your bite misses the entropy weaver simulacrum.
You block the reaper's attack.
You block the entropy weaver simulacrum's attack. x2
The entropy weaver simulacrum barely misses you. x2
The entropy weaver simulacrum hits Xiuhtonal.
The entropy weaver simulacrum freezes Xiuhtonal!
Xiuhtonal resists.
Xiuhtonal is destroyed!
The spriggan simulacrum misses you.
The spriggan simulacrum hits itself.
You hit the entropy weaver simulacrum.
The reaper shouts, "You must die NOW!"
You block the reaper's attack.
Unknown command.
Really stalk into that cloud of freezing vapour? [Y]es or [N]o only, please.
Really stalk into that cloud of freezing vapour?
Okay, then.
Really stalk into that cloud of freezing vapour?
Okay, then.
The reaper hits you with a +0 scythe of freezing.
You see here 17 gold pieces.
You puncture the reaper!
The two-headed ogre simulacrum hits you.
The two-headed ogre simulacrum freezes you.
You resist.
You block the two-headed ogre simulacrum's attack.
The spriggan simulacrum hits the two-headed ogre simulacrum.
The spriggan simulacrum freezes the two-headed ogre simulacrum.
The two-headed ogre simulacrum completely resists.
Unknown command.
You closely miss the reaper. Your bite misses the reaper.
The entropy weaver simulacrum hits you but does no damage.
You block the entropy weaver simulacrum's attack. x2
The entropy weaver simulacrum hits you but does no damage.
The reaper hits you but does no damage.
You hit the reaper but do no damage. You bite the reaper, but do no damage.
The spriggan simulacrum hits the two-headed ogre simulacrum.
The spriggan simulacrum freezes the two-headed ogre simulacrum.
The two-headed ogre simulacrum completely resists.
Unknown command.
You hit the reaper but do no damage. Your bite misses the reaper.
The reaper hits you with a +0 scythe of freezing!!
* * * LOW HITPOINT WARNING * * *
The reaper freezes you.
* * * LOW HITPOINT WARNING * * *
You block the entropy weaver simulacrum's attack. x2
The entropy weaver simulacrum hits you.
* * * LOW HITPOINT WARNING * * *
The entropy weaver simulacrum freezes you!
You resist.
* * * LOW HITPOINT WARNING * * *
The entropy weaver simulacrum hits you but does no damage.
You block the two-headed ogre simulacrum's attack. x2
You hit the reaper. You bite the reaper! You drain its power.
You feel invigorated.
The spriggan simulacrum closely misses the entropy weaver simulacrum.
The reaper hits you with a +0 scythe of freezing.
* * * LOW HITPOINT WARNING * * *
The entropy weaver simulacrum hits you but does no damage.
You block the entropy weaver simulacrum's attack.
The entropy weaver simulacrum hits you but does no damage. x2
Unknown command.
You barely miss the reaper. Your bite misses the reaper.
Unknown command.
You hit the reaper.
You block the two-headed ogre simulacrum's attack.
The two-headed ogre simulacrum barely misses you.
The reaper hits you but does no damage. The entropy weaver simulacrum hits you.
* * * LOW HITPOINT WARNING * * *
The entropy weaver simulacrum freezes you!
You resist.
* * * LOW HITPOINT WARNING * * *
The entropy weaver simulacrum hits you but does no damage.
The entropy weaver simulacrum hits you.
* * * LOW HITPOINT WARNING * * *
The entropy weaver simulacrum freezes you!
You resist.
* * * LOW HITPOINT WARNING * * *
You block the entropy weaver simulacrum's attack.
You closely miss the reaper. You bite the reaper. You drain its power.
You feel invigorated.
Unknown command.
You hit the entropy weaver simulacrum.
You bite the entropy weaver simulacrum, but do no damage.
The entropy weaver simulacrum closely misses you.
The entropy weaver simulacrum hits you.
The entropy weaver simulacrum freezes you!
You resist.
* * * LOW HITPOINT WARNING * * *
You block the entropy weaver simulacrum's attack.
The entropy weaver simulacrum misses you.
You block the reaper's attack.
Unknown command.
You closely miss the reaper. You bite the reaper. You drain its power.
You feel invigorated.
The two-headed ogre simulacrum hits you.
* * * LOW HITPOINT WARNING * * *
The two-headed ogre simulacrum freezes you!
You resist.
You die...

Skill      XL: |  1  2  3  4  5  6  7  8  9 10 11 12 13 14 15 16 |
---------------+-------------------------------------------------+-----
Short Blades   | 2 3 4 5 6 8 9 10 11 12 | 12.0
Stealth        | 1 2 5 6 8 |  8.0
Fighting       | 3 4 5 6 7 8 9 10 11 | 11.0
Shields        | 3 4 5 8 10 12 13 | 13.1
Dodging        | 1 2 3 5 8 9 |  9.0
Armour         | 3 4 6 8 9 10 | 10.0
Invocations    | 4 |  4.0
Transmutations | 3 |  3.5

Action                   |  1- 3 |  4- 6 |  7- 9 | 10-12 | 13-15 | 16-18 || total
-------------------------+-------+-------+-------+-------+-------+-------++-------
Melee: Rapier            |   105 |   130 |   317 |   452 |       |       ||  1004
       Bite              |    22 |    31 |   104 |   204 |   358 |   142 ||   861
       Short sword       |       |       |       |    56 |   329 |       ||   385
       Dagger            |       |       |       |       |   478 |   356 ||   834
 Fire: Hunting sling     |       |    47 |    67 |       |       |       ||   114
Invok: Ancestor Life: He |       |       |     1 |       |       |       ||     1
       Recall Ancestor   |       |       |       |     2 |     1 |       ||     3
  Use: Scroll            |       |    11 |     2 |     9 |     5 |       ||    27
       Potion            |       |       |       |     5 |     3 |       ||     8
 Stab: Distracted        |       |       |     1 |    12 |    12 |     6 ||    31
       Confused          |       |       |       |    13 |    22 |    10 ||    45
       Sleeping          |       |       |       |       |     4 |     2 ||     6
       Paralysed         |       |       |       |       |    28 |    11 ||    39
Armor: Scale mail        |    32 |    91 |    63 |       |       |       ||   186
       Plate armour      |       |       |    74 |   219 |   291 |    73 ||   657
Dodge: Dodged            |    50 |    72 |    98 |   144 |   225 |    65 ||   654
Block: Buckler           |    24 |    34 |    63 |   103 |       |       ||   224
       Kite shield       |       |       |       |    30 |   516 |   208 ||   754

Levels and vault maps discovered:
D:1:      sevenhm_arrival_forest_fort_small_1, layout_basic,
          minmay_worlds_worst_comb
D:2:      layout_loops_corners, dreamdust_ecumenical_altar_grove
D:3:      layout_basic, ebering_ghost_rock_garden
D:4:      gammafunk_steamed_eel, layout_rooms, minmay_temple_entry_stoned_glass,
          hangedman_decor_riveting, uniq_grinder, uniq_pikel
D:5:      layout_basic, mainiacjoe_overflow_tiny_flanked,
          gammafunk_ghost_abyssal_escape, gup_sewer_entry_spiral, serial_shops,
          nicolae_diamond_shop
D:6:      layout_basic, kennysheep_little_box, nicolae_ru_sacrificial_ziggurat,
          minmay_stone_trees_small
D:7:      layout_gridville, lemuel_mausoleum_altar_kikubaaqudgha,
          kennysheep_generic_room_9, uniq_joseph
D:8:      layout_cave_pools, nicolae_uskayaw_dance_hall, tso_altar,
          nemelex_diamond_rough_becter
D:9:      minmay_distorted_concentric_squares, layout_rooms, orc_0_dummy,
          serial_shops, shop, uniq_gastronok
D:10:     layout_rooms, nicolae_overflow_squiral, lemuel_crystal_altar,
          nicolae_qazlal_scattered_showers, nicolae_overflow_crystal_walls,
          uniq_erica
D:11:     layout_layer_cave, dpeg_oklobed_lair, serial_shops,
          nicolae_shop_trees, ebering_ghost_rock_garden, uniq_erolcha
D:12:     layout_stronghold, minmay_lindwurm_lava, uniq_maurice
D:13:     layout_roguey, minmay_starry_boxes
D:14:     layout_big_octagon, skrybe_vaults_entry_preservation,
          hangedman_decor_cross_pass, roderic_lattice_a
Temple:   compressed_dpeg_circular_temple
Lair:1:   layout_gridlike, serial_bayou_lake_a, lemuel_fruit_tree,
          grunt_megastairs_3, uniq_nergalle
Lair:2:   layout_gridlike, minmay_shoals_entry_lonely_mermaid,
          gauntlet_entry_generic, gammafunk_lair_bear_cave
Lair:3:   layout_layer_cave, guppyfry_snake_entry_garden, disabler_island
Lair:4:   layout_gridlike, serial_bayou, serial_bayou_pond_e,
          serial_bayou_pond_c, serial_bayou_pond_c, serial_bayou_crossing,
          nicolae_lair_run_with_the_wolves
Lair:5:   layout_long_grid
Lair:6:   minmay_lair_end_enchanted_forest, layout_regular_city,
          minmay_slime_entry_oklob_enclosed, uniq_kirke
Orc:1:    layout_caves, basic_altar, minmay_orc_keep
Orc:2:    st_orc_pillars, layout_caves, portal_ice_cave_entry_pillars_2,
          nicolae_orc_crystal_geode
IceCv:    ice_cave_caverns_02

Notes
Turn   | Place    | Note
-------+----------+-------------------------------------------
     0 | D:1      | Sobieck the Vine Stalker Fighter began the quest for the
                  | Orb.
     0 | D:1      | Reached XP level 1. HP: 11/11 MP: 2/2
   182 | D:1      | Reached skill level 2 in Short Blades
   280 | D:1      | Reached XP level 2. HP: 11/16 MP: 1/3
   551 | D:1      | Reached skill level 1 in Stealth
   741 | D:1      | Reached XP level 3. HP: 19/19 MP: 4/4
   747 | D:1      | You pick up a book of Flames and begin reading...
   747 | D:1      | You add the spells Foxfire, Conjure Flame, Inner Flame and
                  | Flame Wave to your library.
  1173 | D:2      | You pick up a book of the Tundra and begin reading...
  1173 | D:2      | You add the spells Hailstorm, Ice Form and Simulacrum to
                  | your library.
  1428 | D:2      | Reached skill level 3 in Fighting
  1435 | D:2      | Reached skill level 3 in Shields
  1699 | D:2      | Found a faded altar of an unknown god.
  1737 | D:2      | Gained mutation: Your natural rate of healing is unusually
                  | fast. [Vine Stalker growth]
  1737 | D:2      | Reached XP level 4. HP: 20/24 MP: 5/5
  1800 | D:2      | HP: 6/24 [gnoll/+0 spear (6)]
  1802 | D:2      | HP: 1/24 [gnoll/+0 spear (5)]
  1881 | D:2      | Reached skill level 1 in Dodging
  2435 | D:3      | Reached skill level 3 in Short Blades
  2435 | D:3      | Reached XP level 5. HP: 24/28 MP: 6/6
  2656 | D:3      | Found a runed translucent gate.
  2656 | D:3      | Found a runed translucent gate.
  2657 | D:3      | Found a runed translucent gate.
  2657 | D:3      | Noticed Sobieck's ghost (amateur VSNe)
  3332 | D:4      | Reached skill level 3 in Armour
  3332 | D:4      | Reached XP level 6. HP: 13/32 MP: 7/7
  3376 | D:4      | Noticed Pikel
  3516 | D:4      | Found a transporter.
  3674 | D:4      | Noticed Grinder
  3688 | D:4      | Killed Grinder
  3689 | D:4      | Reached skill level 4 in Short Blades
  3689 | D:4      | Reached skill level 2 in Dodging
  3689 | D:4      | Reached XP level 7. HP: 27/37 MP: 8/8
  3728 | D:4      | Found a staircase to the Ecumenical Temple.
  3744 | Temple   | Entered the Ecumenical Temple
  3852 | Temple   | Became a worshipper of Hepliaklqana the Forgotten
  4008 | D:4      | Found a transporter.
  4082 | D:4      | Killed Pikel
  4083 | D:4      | Reached skill level 4 in Fighting
  4083 | D:4      | Reached skill level 5 in Short Blades
  4083 | D:4      | Reached skill level 4 in Armour
  4083 | D:4      | Reached skill level 4 in Shields
  4083 | D:4      | Gained mutation: You have razor-sharp teeth. [Vine Stalker
                  | growth]
  4083 | D:4      | Reached XP level 8. HP: 40/42 MP: 9/9
  4121 | D:5      | Entered Level 5 of the Dungeon
  4125 | D:5      | Found Uqox's Magic Scroll Boutique.
  4402 | D:5      | Found a glowing drain.
  4406 | Sewer    | Entered a sewer
  4655 | Sewer    | Reached skill level 6 in Short Blades
  4946 | D:5      | Noticed rabbitsville's ghost (novice DDNe)
  4947 | D:5      | Found a one-way gate to the infinite horrors of the Abyss.
  5111 | D:5      | Found a transporter.
  5120 | D:5      | Noticed a small abomination
  5177 | D:5      | Found a transporter.
  5203 | D:5      | Reached skill level 5 in Shields
  5207 | D:5      | Reached * piety under Hepliaklqana
  5219 | D:5      | Found an iron altar of Okawaru.
  5244 | D:5      | Reached skill level 5 in Fighting
  5269 | D:5      | Reached XP level 9. HP: 42/42 MP: 10/10
  5686 | D:6      | Found a sacrificial altar of Ru.
  5872 | D:6      | Reached skill level 7 in Short Blades
  5872 | D:6      | Reached skill level 5 in Armour
  6630 | D:6      | Found a basalt altar of Yredelemnul.
  6730 | D:7      | Reached ** piety under Hepliaklqana
  6731 | D:7      | Remembered your ancestor Xiuhtonal as a hexer
  6852 | D:7      | Noticed Joseph
  6855 | D:7      | Reached skill level 6 in Fighting
  6855 | D:7      | Reached skill level 8 in Short Blades
  6886 | D:7      | Killed Joseph
  6887 | D:7      | Reached skill level 6 in Armour
  7089 | D:7      | Reached skill level 2 in Stealth
  7089 | D:7      | Reached XP level 10. HP: 46/47 MP: 11/11
  7091 | D:7      | Found an ancient bone altar of Kikubaaqudgha.
  7415 | D:7      | Reached skill level 3 in Stealth
  7666 | D:8      | Noticed a two-headed ogre
  7671 | D:8      | Killed a two-headed ogre
  7687 | D:8      | Reached skill level 3 in Dodging
  7701 | D:8      | Found a hide-covered altar of Uskayaw.
  7744 | D:8      | Reached skill level 9 in Short Blades
  7744 | D:8      | Reached skill level 4 in Stealth
  7921 | D:8      | Found a sparkling altar of Nemelex Xobeh.
  8208 | D:8      | Found a glowing golden altar of the Shining One.
  8254 | D:9      | Found a staircase to the Orcish Mines.
  8296 | D:9      | You pick up a book of Misfortune and begin reading...
  8296 | D:9      | You add the spells Confusing Touch, Yara's Violent
                  | Unravelling and Enfeeble to your library.
  8298 | D:9      | Noticed Gastronok
  8311 | D:9      | Killed Gastronok
  8312 | D:9      | Reached skill level 7 in Fighting
  8312 | D:9      | Reached skill level 5 in Stealth
  8312 | D:9      | Reached XP level 11. HP: 52/52 MP: 12/12
  8361 | D:9      | Found Saptusor's General Store.
  8381 | D:9      | Reached skill level 4 in Dodging
  8397 | D:9      | Reached *** piety under Hepliaklqana
  8434 | D:9      | Noticed a cyclops
  8435 | D:9      | Noticed a deep elf pyromancer
  8451 | D:9      | Killed a cyclops
  8452 | D:9      | Reached skill level 7 in Armour
  8454 | D:9      | Killed a deep elf pyromancer
  8455 | D:9      | Reached skill level 10 in Short Blades
  8455 | D:9      | Reached skill level 6 in Stealth
  8578 | D:9      | Noticed a two-headed ogre
  8586 | D:9      | Killed a two-headed ogre
  8856 | D:10     | Entered Level 10 of the Dungeon
  8908 | D:10     | Found a stormy altar of Qazlal.
  8934 | D:10     | Noticed Erica
  8947 | D:10     | Killed Erica
  8948 | D:10     | Reached skill level 5 in Dodging
  9007 | D:10     | Reached skill level 8 in Fighting
  9067 | D:10     | Found an opulent altar of Gozag.
  9099 | D:10     | Found a snail-covered altar of Cheibriados.
  9268 | D:10     | Found a shimmering blue altar of Sif Muna.
  9290 | D:10     | Found a bloodstained altar of Trog.
  9525 | D:11     | Noticed an oklob plant
  9527 | D:11     | Found a staircase to the Lair.
  9532 | D:11     | Noticed an oklob plant
  9553 | D:11     | Killed an oklob plant
  9571 | D:11     | Killed an oklob plant
  9572 | D:11     | Reached skill level 8 in Armour
  9813 | D:11     | Found a runed translucent gate.
  9813 | D:11     | Found a runed translucent gate.
  9813 | D:11     | Found a runed translucent gate.
  9817 | D:11     | Noticed tasumai's ghost (journeyman GrBe)
  9841 | D:11     | Found Foisoas's Antique Armour Shop.
  9848 | D:11     | Bought a pair of embroidered boots for 172 gold pieces
  9848 | D:11     | Bought a scorched ring mail for 207 gold pieces
  9848 | D:11     | Identified the +0 ring mail "Houdor" {Str+3 Int+3 Stlth+}
                  | (You bought it in a shop on level 11 of the Dungeon)
  9880 | D:11     | Noticed a manticore
  9887 | D:11     | Killed a manticore
  9889 | D:11     | Reached XP level 12. HP: 48/58 MP: 13/13
  9951 | D:11     | Reached **** piety under Hepliaklqana
 10157 | D:11     | Identified the +1 chain mail "Siask" {+Blink rC- Will++
                  | Dex+3}
 10178 | D:11     | You pick up a book of Hexes and begin reading...
 10178 | D:11     | You add the spells Cause Fear and Discord to your library.
 10270 | D:11     | Reached skill level 6 in Dodging
 10458 | D:11     | Noticed Erolcha
 10467 | D:11     | Killed Erolcha
 10530 | D:11     | Noticed a seven-headed hydra
 10536 | D:11     | Killed a seven-headed hydra
 10537 | D:11     | Reached skill level 9 in Fighting
 10894 | D:12     | Reached skill level 7 in Dodging
 11003 | D:12     | Reached skill level 8 in Dodging
 11042 | D:12     | Reached skill level 1 in Invocations
 11069 | D:12     | Noticed a boulder beetle
 11079 | D:12     | Killed a boulder beetle
 11080 | D:12     | Reached skill level 2 in Invocations
 11099 | D:12     | Noticed a tengu warrior
 11112 | D:12     | Killed a tengu warrior
 11113 | D:12     | Reached skill level 3 in Invocations
 11301 | D:12     | Reached skill level 4 in Invocations
 11334 | D:12     | Noticed Maurice
 11341 | D:12     | Killed Maurice
 11474 | D:12     | Reached XP level 13. HP: 63/63 MP: 17/17
 11513 | D:12     | You pick up a book of Spatial Translocations and begin
                  | reading...
 11513 | D:12     | You add the spells Blink, Lesser Beckoning and Manifold
                  | Assault to your library.
 11759 | D:12     | Reached skill level 6 in Shields
 11942 | D:13     | Reached skill level 7 in Stealth
 12174 | D:13     | HP: 15/63 [poisoned by a kobold brigand (curare-tipped
                  | dart)]
 12179 | D:13     | HP: 15/63 [poisoned by a kobold brigand (curare-tipped
                  | dart)]
 12184 | D:13     | HP: 15/63 [asphyx]
 12189 | D:13     | HP: 10/63 [poisoned by a kobold brigand (curare-tipped
                  | dart)]
 12421 | D:13     | You pick up a book of Cantrips and begin reading...
 12421 | D:13     | You add the spells Necrotize, Summon Small Mammal and
                  | Apportation to your library.
 12810 | D:14     | Reached ***** piety under Hepliaklqana
 12910 | Lair:1   | Entered Level 1 of the Lair of Beasts
 12950 | Lair:1   | You pick up a book of Alchemy and begin reading...
 12950 | Lair:1   | You add the spells Sublimation of Blood, Petrify and
                  | Irradiate to your library.
 13024 | Lair:1   | Noticed Nergalle
 13031 | Lair:1   | Reached skill level 7 in Shields
 13046 | Lair:1   | Killed Nergalle
 13413 | Lair:1   | Reached skill level 8 in Stealth
 13811 | Lair:2   | Found a gate leading to a gauntlet.
 13820 | Gauntlet | Entered a Gauntlet
 13820 | Gauntlet | Found a transporter.
 13820 | Gauntlet | Found a transporter.
 13820 | Gauntlet | Found a runed translucent door.
 13820 | Gauntlet | Found a runed translucent door.
 13828 | Gauntlet | Found a transporter.
 13832 | Gauntlet | Found a transporter.
 13841 | Gauntlet | Found a transporter.
 13844 | Gauntlet | Found a transporter.
 13850 | Gauntlet | Noticed a fire giant
 13851 | Gauntlet | Found a runed translucent gate.
 13851 | Gauntlet | Found the ring of the Tortoise {AC+8}
 13852 | Gauntlet | Found a transporter.
 13853 | Gauntlet | Found a runed translucent gate.
 13854 | Gauntlet | Found a runed translucent gate.
 13855 | Gauntlet | Noticed a fire giant
 13858 | Gauntlet | Noticed a sphinx
 13858 | Gauntlet | a fire giant changed into a sphinx
 13859 | Gauntlet | Noticed a frost giant
 13859 | Gauntlet | a sphinx changed into a frost giant
 13868 | Gauntlet | Found a transporter.
 13868 | Gauntlet | Noticed a shadow dragon
 13868 | Gauntlet | a frost giant changed into a shadow dragon
 13869 | Gauntlet | Noticed a fenstrider witch
 13869 | Gauntlet | a shadow dragon changed into a fenstrider witch
 13871 | Gauntlet | Noticed a green death
 13871 | Gauntlet | Noticed an azure jelly
 13871 | Gauntlet | a fenstrider witch changed into an azure jelly
 13873 | Gauntlet | an azure jelly changed into a death yak
 13874 | Gauntlet | Noticed a dire elephant
 13874 | Gauntlet | a death yak changed into a dire elephant
 13885 | Gauntlet | Found a transporter.
 13886 | Gauntlet | Found a transporter.
 13898 | Gauntlet | Found a transporter.
 13902 | Gauntlet | Found a transporter.
 13973 | Gauntlet | Noticed a storm dragon
 13990 | Gauntlet | Noticed a quicksilver ooze
 13990 | Gauntlet | a storm dragon changed into a quicksilver ooze
 13998 | Gauntlet | Noticed a sphinx
 13998 | Gauntlet | a quicksilver ooze changed into a sphinx
 14000 | Gauntlet | Noticed a dire elephant
 14000 | Gauntlet | a sphinx changed into a dire elephant
 14115 | Gauntlet | Noticed a dire elephant
 14115 | Gauntlet | an iron troll changed into a dire elephant
 14121 | Gauntlet | a dire elephant changed into a death yak
 14123 | Gauntlet | Noticed an ice dragon
 14123 | Gauntlet | a boulder beetle changed into an ice dragon
 14124 | Gauntlet | Noticed a dire elephant
 14124 | Gauntlet | a death yak changed into a dire elephant
 14126 | Gauntlet | Noticed an azure jelly
 14126 | Gauntlet | a dire elephant changed into an azure jelly
 14128 | Gauntlet | Identified the +2 hat of the Minstrel {*Slow rElec rN++
                  | Stlth+}
 14130 | Gauntlet | Noticed a sphinx
 14130 | Gauntlet | an azure jelly changed into a sphinx
 14133 | Gauntlet | Identified the +6 long sword of Vauxoclu {spect, rPois
                  | Int-3 SInv}
 14139 | Gauntlet | Noticed an azure jelly
 14140 | Gauntlet | Noticed a sphinx
 14140 | Gauntlet | an azure jelly changed into a sphinx
 14141 | Gauntlet | Noticed an emperor scorpion
 14141 | Gauntlet | a sphinx changed into an emperor scorpion
 14142 | Gauntlet | an emperor scorpion changed into something unseen
 14147 | Gauntlet | HP: 15/64 [green death (6)]
 14149 | Gauntlet | Killed a green death
 14151 | Gauntlet | HP: 7/64 [poisoned by a green death (poison gas)]
 14157 | Gauntlet | Noticed a bunyip
 14157 | Gauntlet | an ice dragon changed into a bunyip
 14166 | Gauntlet | Noticed a bunyip
 14166 | Gauntlet | an anaconda changed into a bunyip
 14170 | Gauntlet | Noticed a spark wasp
 14170 | Gauntlet | a bunyip changed into a spark wasp
 14171 | Gauntlet | Noticed an ice dragon
 14171 | Gauntlet | a spark wasp changed into an ice dragon
 14173 | Gauntlet | an ice dragon changed into a boulder beetle
 14175 | Gauntlet | Noticed a bunyip
 14175 | Gauntlet | a boulder beetle changed into a bunyip
 14216 | Gauntlet | Identified the ring of Cofar {Wiz rPois MP+9 Str+2 Dex-2}
 14216 | Gauntlet | Noticed a minotaur
 14238 | Gauntlet | Killed a minotaur
 14258 | Gauntlet | Identified the +2 robe "Plog" {Str-5 Int+7}
 14262 | Gauntlet | Identified the +1 troll leather armour "Ytoemip" {rF-
                  | Regen+ rCorr Str+9 Dex+3}
 14284 | Gauntlet | Could not pick up a +0 executioner's axe {axerare=g} and 4
                  | javelins {throwing} here; ([A]lways) ignore them?
 14285 | Gauntlet | e - a +0 executioner's axe {axerare=g}
 14287 | Gauntlet | You drop a +0 executioner's axe {axerare=g}.
 14288 | Gauntlet | e - a +0 executioner's axe {axerare=g}
 14289 | Gauntlet | You drop a +0 executioner's axe {axerare=g}.
 14340 | Lair:2   | Found a staircase to the Shoals.
 14375 | Lair:2   | Identified the +10 dagger of the Tooth {drain, rF+ SInv}
 14542 | Lair:2   | You pick up a book of the Spheres and begin reading...
 14542 | Lair:2   | You add the spells Iskenderun's Battlesphere, Fireball,
                  | Conjure Ball Lightning and Orb of Destruction to your
                  | library.
 14663 | Lair:2   | Reached skill level 8 in Shields
 14664 | Lair:2   | Reached skill level 10 in Fighting
 14664 | Lair:2   | Reached skill level 9 in Armour
 14863 | Lair:2   | Reached skill level 9 in Dodging
 14863 | Lair:2   | Reached XP level 14. HP: 67/69 MP: 18/18
 15079 | Lair:3   | Paralysed by a floating eye for 2 turns
 15087 | Lair:3   | Paralysed by a floating eye for 3 turns
 15113 | Lair:3   | Found a staircase to the Snake Pit.
 15120 | Lair:3   | Reached ****** piety under Hepliaklqana
 15193 | Lair:3   | Reached skill level 11 in Short Blades
 15288 | Lair:3   | Identified a potion of experience
 15300 | Lair:3   | Reached skill level 10 in Shields
 15300 | Lair:3   | Reached XP level 15. HP: 72/72 MP: 19/19
 17001 | Lair:4   | You pick up a book of Winter and begin reading...
 17001 | Lair:4   | You add the spells Ozocubu's Armour and Metabolic
                  | Englaciation to your library.
 17221 | Lair:5   | Reached skill level 11 in Shields
 18133 | Lair:6   | Entered Level 6 of the Lair of Beasts
 18210 | Lair:6   | You pick up a book of Spatial Translocations and begin
                  | reading...
 18254 | Lair:6   | Noticed Kirke
 18281 | Lair:5   | Killed Kirke
 18469 | Lair:6   | Reached skill level 11 in Fighting
 18546 | Lair:6   | Reached skill level 10 in Armour
 18608 | Lair:6   | You pick up a book of the Wilderness and begin reading...
 18608 | Lair:6   | You add the spells Summon Forest, Summon Mana Viper and
                  | Summon Cactus Giant to your library.
 18618 | Lair:6   | You pick up a book of Blood and begin reading...
 18618 | Lair:6   | You add the spells Wereblood and Summon Hydra to your
                  | library.
 18653 | Lair:6   | Reached skill level 12 in Shields
 18690 | Lair:6   | Found a staircase to the Slime Pits.
 18932 | Lair:6   | Learned a level 2 spell: Wereblood
 18959 | Lair:6   | Reached XP level 16. HP: 78/78 MP: 20/20
 18998 | Lair:6   | Reached skill level 12 in Short Blades
 19011 | Lair:6   | Reached skill level 1 in Transmutations
 19181 | Lair:6   | Reached skill level 2 in Transmutations
 19213 | Lair:6   | You pick up a book of Geomancy and begin reading...
 19213 | Lair:6   | You add the spells Sandblast, Passwall and Stone Arrow to
                  | your library.
 19635 | Orc:1    | Entered Level 1 of the Orcish Mines
 19713 | Orc:1    | Reached skill level 3 in Transmutations
 19981 | Orc:2    | Entered Level 2 of the Orcish Mines
 20014 | Orc:2    | Found a staircase to the Elven Halls.
 20027 | Orc:2    | Found a frozen archway.
 20043 | Orc:2    | Reached skill level 13 in Shields
 20049 | IceCv    | Entered an ice cave
 20391 | IceCv    | HP: 15/78 [entropy weaver simulacrum (7)]
 20393 | IceCv    | HP: 7/78 [entropy weaver simulacrum (4)]
 20394 | IceCv    | Slain by a two-headed ogre simulacrum

Vanquished Creatures
  Kirke (Lair:5)
  A minotaur (Gauntlet)
  A green death (Gauntlet)
  A catoblepas (Lair:5)
  9 hydras
  3 centaur warriors (D:13)
  2 two-headed ogres
  2 boulder beetles
  Erica (D:10)
  A death yak (Lair:5)
  A slime creature (D:12)
  A tengu warrior (D:12)
  Nergalle (Lair:1)
  3 skeletal warriors (D:12)
  Pikel (D:4)
  3 lindwurms
  2 ugly things (D:13)
  An orc knight (Orc:1)
  2 wolf spiders (Lair:4)
  2 deep elf pyromancers
  An orc sorcerer (Orc:1)
  8 oklob plants
  A cyclops (D:9)
  3 manticores
  Maurice (D:12)
  Joseph (D:7)
  2 black mambas
  7 cane toads
  2 gargoyles
  2 torpor snails (Gauntlet)
  4 kobold demonologists
  5 komodo dragons
  An entropy weaver simulacrum (IceCv)
  7 polar bears
  5 hornets (Lair:6)
  Grinder (D:4)
  15 blink frogs
  8 dream sheep
  11 spriggans (Lair:6)
  A dire elephant simulacrum (IceCv)
  A wraith (D:10)
  A shadow (D:11)
  2 wyverns
  6 basilisks
  3 hogs
  4 wargs
  2 death yak simulacra (IceCv)
  2 vampire mosquitoes (D:8)
  41 yaks
  A harpy simulacrum (IceCv)
  2 acid dragons
  11 water moccasins
  A sky beast (D:6)
  6 orc warriors
  3 ice beasts
  9 black bears
  5 ogres
  10 centaurs
  3 boggarts (Lair:6)
  46 wolves
  4 phantoms
  3 lemures (D:4)
  6 kobold brigands
  2 scorpions
  13 bullfrogs
  4 necrophages
  A gnoll sergeant (D:8)
  9 wights
  7 two-headed ogre simulacra (IceCv)
  An elephant simulacrum (IceCv)
  11 killer bees
  2 howler monkeys
  3 electric eels
  A hexer (D:12)
  3 bullfrog zombies (D:7)
  A jelly (D:6)
  A hound (D:7)
  A human zombie (D:7)
  6 orc priests
  2 iguanas
  2 merfolk sirens
  10 orc wizards
  2 spriggan simulacra (IceCv)
  10 hell rats (Lair:5)
  2 troll simulacra (IceCv)
  A merfolk avatar (Sewer)
  A killer bee zombie (D:7)
  A howler monkey zombie (D:7)
  11 gnolls
  9 adders
  2 naga simulacra (IceCv)
  3 river rats
  8 white imps
  3 ufetubi
  A worm (D:3)
  2 dart slugs
  46 orcs
  10 bats
  6 endoplasms
  10 giant cockroaches
  2 goblins
  10 hobgoblins
  2 jackals (D:2)
  8 quokkas
  11 ball pythons
  10 frilled lizards
  7 kobolds
  32 rats
587 creatures vanquished.

Vanquished Creatures (collateral kills)
  Gastronok (D:9)
  Erolcha (D:11)
  A hydra (D:11)
  2 death yaks (Lair:5)
  2 skeletal warriors (D:12)
  2 deep elf pyromancers
  An ugly thing (D:12)
  An ice statue (IceCv)
  2 cane toads
  A kobold demonologist (D:12)
  A komodo dragon (Lair:1)
  3 blink frogs
  A dream sheep (Lair:3)
  A wraith (D:13)
  13 yaks
  3 spriggans (Lair:6)
  A wyvern (Lair:2)
  A vampire mosquito (D:8)
  A steam dragon (D:10)
  A warg (Orc:1)
  A floating eye (Lair:3)
  A water moccasin (Lair:6)
  An orc warrior (Orc:2)
  A sky beast (D:7)
  5 wolves
  3 centaurs
  A kobold brigand (D:12)
  2 bullfrogs
  A two-headed ogre simulacrum (IceCv)
  A wight (D:9)
  A killer bee (D:9)
  A howler monkey (D:9)
  An electric eel (Lair:1)
  2 orc priests
  An iguana (D:7)
  3 orc wizards
  3 spriggan simulacra (IceCv)
  2 gnolls (D:8)
  A shadow imp (D:6)
  16 orcs
  3 kobolds (D:12)
91 creatures vanquished.

Vanquished Creatures (others)
  10 hexers
  An ancestor (D:6)
  16 fungi
  34 plants
61 creatures vanquished.

Grand Total: 739 creatures vanquished

Table legend:
 A = Non-vault XP
 B = Vault XP
 C = Vault XP percentage of total XP
 D = Non-vault monster count
 E = Vault monster count
 F = Vault count percentage of total count
                 A         B        C        D         E       F
            +---------+---------+-------+---------+---------+-------
      Total |   72093 |   38567 |  34.9 |     458 |     216 |  32.0
            +---------+---------+-------+---------+---------+-------
        D:1 |      33 |       6 |  15.4 |      20 |       3 |  13.0
        D:2 |     101 |       0 |   0.0 |      24 |       0 |   0.0
        D:3 |     125 |       0 |   0.0 |      23 |       0 |   0.0
        D:4 |     212 |     950 |  81.8 |      11 |       2 |  15.4
        D:5 |     730 |      37 |   4.8 |      12 |       7 |  36.8
        D:6 |    1487 |       0 |   0.0 |      27 |       0 |   0.0
        D:7 |     588 |    1258 |  68.1 |      15 |      15 |  50.0
        D:8 |    2227 |       0 |   0.0 |      28 |       0 |   0.0
        D:9 |    2134 |    3863 |  64.4 |      22 |       8 |  26.7
       D:10 |    1927 |     834 |  30.2 |      15 |       1 |   6.2
       D:11 |    2761 |    2001 |  42.0 |      15 |       3 |  16.7
       D:12 |   11417 |    1138 |   9.1 |      33 |       2 |   5.7
       D:13 |    4371 |    2208 |  33.6 |      19 |       5 |  20.8
     Temple |       6 |       0 |   0.0 |       2 |       0 |   0.0
     Lair:1 |    4979 |    1637 |  24.7 |      26 |       2 |   7.1
     Lair:2 |    1926 |    1046 |  35.2 |       9 |       5 |  35.7
     Lair:3 |    7998 |    1233 |  13.4 |      42 |       3 |   6.7
     Lair:4 |    4281 |    1666 |  28.0 |      16 |       6 |  27.3
     Lair:5 |    8130 |    1586 |  16.3 |      31 |       2 |   6.1
     Lair:6 |   13341 |   11890 |  47.1 |      36 |      53 |  59.6
      Orc:1 |    2143 |     137 |   6.0 |      14 |       9 |  39.1
      Orc:2 |    1176 |       0 |   0.0 |      18 |       0 |   0.0
      Sewer |       0 |     158 | 100.0 |       0 |      44 | 100.0
      IceCv |       0 |    2595 | 100.0 |       0 |      32 | 100.0
   Gauntlet |       0 |    4324 | 100.0 |       0 |      14 | 100.0
            +---------+---------+-------+---------+---------+-------

Illustrated notes

Table legend:
 A = Kills in this place as a percentage of kills in entire the game.
 B = Kills by you in this place as a percentage of kills by you in the entire game.
 C = Kills by friends in this place as a percentage of kills by friends in the entire game.
 D = Other kills in this place as a percentage of other kills in the entire game.
 E = Experience gained in this place as a percentage of experience gained in the entire game.
 F = Experience gained in this place divided by the number of levels of this place that you have seen.
                   A       B       C       D       E      F
               +-------+-------+-------+-------+-------+----------------------
         Total | 100.0 | 100.0 | 100.0 | 100.0 | 100.0 | 4256.2
       Dungeon |  46.0 |  44.4 |  54.9 | 100.0 |  36.5 | 2886.3
        Temple |   0.3 |   0.3 |   0.0 |   0.0 |   0.0 |   6.0
          Lair |  34.3 |  34.6 |  33.0 |   0.0 |  54.0 | 9952.2
  Orcish Mines |   6.1 |   6.2 |   5.5 |   0.0 |   3.1 | 1728.0
         Sewer |   6.5 |   7.6 |   0.0 |   0.0 |   0.1 | 158.0
      Ice Cave |   4.7 |   4.6 |   5.5 |   0.0 |   2.3 | 2595.0
      Gauntlet |   2.1 |   2.2 |   1.1 |   0.0 |   3.9 | 4324.0
               +-------+-------+-------+-------+-------+----------------------

Table legend: (Time is in decaauts)
 A = Elapsed time spent in this place.
 B = Non-inter-level travel time spent in this place.
 C = Inter-level travel time spent in this place.
 D = Time resting spent in this place.
 E = Time spent auto-exploring this place.
 F = Levels seen in this place.
 G = Mean time per level.
                   A        B        C        D        E       F      G
               +--------+--------+--------+--------+--------+-----+--------+
         Total |  20085 |  19201 |    884 |    533 |  13416 |  26 |  772.5 |
       Dungeon |  12365 |  11734 |    631 |    455 |   8365 |  14 |  883.2 |
        Temple |    117 |    109 |      8 |      0 |     74 |   1 |  117.0 |
          Lair |   5935 |   5704 |    231 |     15 |   4589 |   6 |  989.2 |
  Orcish Mines |    380 |    367 |     13 |      0 |    245 |   2 |  190.0 |
         Sewer |    513 |    513 |      0 |      0 |    140 |   1 |  513.0 |
      Ice Cave |    307 |    307 |      0 |     13 |      0 |   1 |  307.0 |
      Gauntlet |    465 |    465 |      0 |     50 |      2 |   1 |  465.0 |
               +--------+--------+--------+--------+--------+-----+--------+

Top non-repeatable levels by time:
    D:11: 1363 daAuts
     D:2: 1262 daAuts
  Lair:3: 1209 daAuts
  Lair:6: 1170 daAuts
     D:5: 1139 daAuts
     D:3: 1137 daAuts
     D:6: 1076 daAuts
     D:1: 1029 daAuts
    D:12: 1009 daAuts
     D:7: 994 daAuts
  Lair:5: 963 daAuts
    D:13: 920 daAuts
  Lair:4: 918 daAuts
  Lair:1: 899 daAuts
  Lair:2: 774 daAuts
